 Dungeon Sprint DCSS version 0.22-a0-570-g58866f5d57 (webtiles) character file.

100 Klosterfrau the Covert (level 4, 0/24 HPs)
             Began as a Vine Stalker Assassin on June 30, 2018.
             Was an Initiate of Ru.
             Killed from afar by a gargoyle (14 damage)
             ... with a stone arrow
             ... in the Dungeon (Sprint IX: "|||||||||||||||||||||||||||||").
             The game lasted 00:01:01 (348 turns).

Klosterfrau the Covert (Vine Stalker Assassin)       Turns: 348, Time: 00:01:01

Health: 0/24       AC: 13    Str: 13    XL:     4   Next: 73%
Magic:  0/5        EV:  8    Int: 11    God:    Ru [......]
Gold:   0          SH:  0    Dex: 17    Spells: 3/3 levels left

rFire    . . .     SeeInvis .   r - +2 rapier (elec)
rCold    . . .     Gourm    .   (no shield)
rNeg     . . .     Faith    .   u - +1 chain mail
rPois    .         Spirit   +   (no helmet)
rElec    .         Reflect  .   d - +0 cloak
rCorr    .         Harm     .   (no gloves)
MR       .....     NoTele   +   t - +0 pair of boots
Stlth    ++........             (no amulet)
HPRegen  0.48/turn              w - +2 ring of evasion
MPRegen  0.09/turn              v - +2 ring of protection

@: very slightly contaminated, invisible
A: fangs 2, regeneration 1, magic shield, antimagic bite, no potion heal 3, rot
immunity
a: Renounce Religion


You were in the Dungeon.
You worshipped Ru.
Ru was noncommittal.
You were not hungry.

You visited 1 branch

Inventory:

Hand Weapons
 a - a +2 dagger
 b - a +0 blowgun
 r - a +2 rapier of electrocution (weapon)
 s - the +2 scimitar "Qunioco" {drain, MR+ MP+9 Int+2}
   (You found it in the Dungeon)

   A truly terrible weapon, it drains the life of those it strikes.
   It affects your intelligence (+2).
   It affects your resistance to hostile enchantments.
   It affects your magic capacity (+9).
Missiles
 e - 8 poisoned needles
 f - 2 curare-tipped needles
Armour
 c - a +0 robe
 d - a +0 cloak (worn)
 t - a +0 pair of boots (worn)
 u - a +1 chain mail (worn)
Jewellery
 v - a +2 ring of protection (right hand)
 w - a +2 ring of evasion (left hand)
Wands
 q - a wand of acid (10)
Scrolls
 m - 2 scrolls of blinking
 o - 3 scrolls of remove curse
 p - 2 scrolls of amnesia
Potions
 h - 5 potions of curing
 i - 3 potions of heal wounds
 j - a potion of haste
 k - 4 potions of magic
 l - a potion of berserk rage
Comestibles
 g - a ration


   Skills:
 + Level 3.1 Fighting
 * Level 4.0 Short Blades
 - Level 1.7 Throwing
 + Level 1.3 Dodging
 + Level 10.5 Stealth


You had 3 spell levels left.
You didn't know any spells.
Your spell library was empty.

Dungeon Overview and Level Annotations

Branches:
Dungeon (1/1)

Altars:
Cheibriados
Dithmenos
Elyvilon
Fedhas
Gozag
Hepliaklqana
Kikubaaqudgha
Makhleb
Nemelex Xobeh
Okawaru
Qazlal
Ru
Sif Muna
Trog
Uskayaw
Vehumet
Wu Jian
Xom
Yredelemnul
Zin
The Shining One
Beogh
Jiyva
Lugonu


Innate Abilities, Weirdness & Mutations

You have extremely sharp teeth.
Your natural rate of healing is unusually fast.
When hurt, damage is shared between your health and your magic reserves.
Your bite disrupts and absorbs the magic of your enemies.
Potions cannot restore your health.
You are immune to rotting.


Message History

Your experience leads to an increase in your attributes!
Increase (S)trength, (I)ntelligence, or (D)exterity?
You feel agile.
You have reached level 4!
You feel agile.
You begin to heal more quickly.
Unknown command.
Your chain mail prevents you from hitting the gargoyle.
The gargoyle hits you but does no damage.
You fade into invisibility!
The gargoyle hits you with a flail!
You are very lightly contaminated with residual magic.
You hit the gargoyle but do no damage.
You bite the gargoyle, but do no damage.
You hit the gargoyle but do no damage.
You bite the gargoyle, but do no damage.
The gargoyle hurls a stone arrow at you.
The stone arrow hits you!
Ouch! That really hurt!
You die... ▓▓▓▓▓▓▓▓▓▓▓▓▓▓▓▓▓▓▓▓▓▓▓▓ _______'..|).[..@9YOcO.. ▓▓▓▓▓▓▓▓▓▓▓▓▓▓▓▓▓▓▓▓▓▓▓▓

You could see a yak, a gargoyle, 2 ogres and a centaur.

Vanquished Creatures
  A black bear (D)
  A bat skeleton (D)
  A bat zombie (D)
  A giant cockroach (D)
  A goblin (D)
  A jackal (D)
  A ball python skeleton (D)
  3 frilled lizards (D)
  A rat (D)
11 creatures vanquished.

Notes
Turn   | Place    | Note
-------+----------+-------------------------------------------
     0 | D        | Klosterfrau the Vine Stalker Assassin began the quest for the Orb.
     0 | D        | Reached XP level 1. HP: 11/11 MP: 2/2
     5 | D        | Reached skill level 5 in Stealth
    15 | D        | Reached skill level 6 in Stealth
   142 | D        | Reached XP level 2. HP: 12/15 MP: 3/3
   153 | D        | Reached skill level 7 in Stealth
   276 | D        | Found a roughly hewn altar of Beogh.
   276 | D        | Found a snail-covered altar of Cheibriados.
   276 | D        | Found a shadowy altar of Dithmenos.
   276 | D        | Found a white marble altar of Elyvilon.
   276 | D        | Found a blossoming altar of Fedhas.
   276 | D        | Found an opulent altar of Gozag.
   277 | D        | Found a hazy altar of Hepliaklqana.
   278 | D        | Found a viscous altar of Jiyva.
   279 | D        | Found an ancient bone altar of Kikubaaqudgha.
   280 | D        | Found a corrupted altar of Lugonu.
   281 | D        | Found a burning altar of Makhleb.
   282 | D        | Found a sparkling altar of Nemelex Xobeh.
   283 | D        | Found an iron altar of Okawaru.
   284 | D        | Found a stormy altar of Qazlal.
   285 | D        | Found a sacrificial altar of Ru.
   286 | D        | Found a deep blue altar of Sif Muna.
   287 | D        | Found a bloodstained altar of Trog.
   288 | D        | Found a hide-covered altar of Uskayaw.
   289 | D        | Found a radiant altar of Vehumet.
   290 | D        | Found an ornate altar of the Wu Jian Council.
   291 | D        | Found a shimmering altar of Xom.
   292 | D        | Found a basalt altar of Yredelemnul.
   293 | D        | Became a worshipper of Ru the Awakened
   294 | D        | Found a glowing silver altar of Zin.
   295 | D        | Found a glowing golden altar of the Shining One.
   312 | D        | Got the +2 scimitar "Qunioco" {drain, MR+ MP+9 Int+2}
   341 | D        | Noticed a black bear
   341 | D        | Noticed a gargoyle
   341 | D        | Noticed a yak
   341 | D        | Noticed an ogre
   341 | D        | Noticed a centaur
   341 | D        | Noticed an ogre
   344 | D        | Killed a black bear
   344 | D        | Reached skill level 1 in Dodging
   344 | D        | Reached skill level 10 in Stealth
   344 | D        | Reached XP level 3. HP: 18/20 MP: 4/4
   344 | D        | Gained mutation: Your natural rate of healing is unusually fast. [Vine Stalker growth]
   344 | D        | Reached XP level 4. HP: 21/24 MP: 5/5
   348 | D        | Killed from afar by a gargoyle

Vault maps used:
D:        linesprint

Skill      XL: |  1  2 |
---------------+-------+-----
Stealth        | 6 10 | 10.5
Short Blades   | 2 4 |  4.0
Fighting       | 2 3 |  3.1
Dodging        | 1 |  1.3
Throwing       | |  1.7

Action                   |  1- 3 |  4- 6 || total
-------------------------+-------+-------++-------
Melee: Dagger            |    29 |       ||    29
       Bite              |     9 |     2 ||    11
       Rapier            |     3 |     3 ||     6
  Use: Potion            |       |     1 ||     1
 Stab: Sleeping          |     2 |       ||     2
Armor: Robe              |     5 |       ||     5
       Chain mail        |     4 |     1 ||     5
Dodge: Dodged            |    14 |       ||    14

Table legend:
 A = Spawn XP
 B = Non-spawn XP
 C = Spawn XP percentage of total XP
 D = Spawn monster count
 E = Non-spawn monster count
 F = Spawn count percentage of total count
 G = Total turns spent on level
                    A         B        C        D         E        F      G
               +---------+---------+-------+---------+---------+-------+---------
         Total |       0 |     143 |   0.0 |       0 |      11 |   0.0 |   348
               +---------+---------+-------+---------+---------+-------+---------
             D |       0 |     143 |   0.0 |       0 |      11 |   0.0 |   348
               +---------+---------+-------+---------+---------+-------+---------
